[Event "FIDE WSCC 50 2022"]
[Site "Assisi"]
[Date "2022.11.20"]
[Round "6.11"]
[White "Paglietti, Nicola"]
[Black "Boulard, Eric"]
[Result "0-1"]
[ECO "A41"]
[WhiteElo "2194"]
[BlackElo "2185"]
[Annotator "TA"]
[PlyCount "68"]
[EventDate "2022.11.14"]
[EventType "swiss"]
[EventCountry "ITA"]
[SourceTitle "playchess.com"]
[Source "ChessBase"]
[SourceQuality "1"]
[TimeControl "40/5400+30:1800+30"]

1. Nf3 g6 2. c4 Bg7 3. Nc3 d6 4. d4 Nd7 5. g3 e5 6. Bg2 Ne7 7. O-O O-O 8. e3 h6 9. b3 {[%emt 0:03:08] A41: 1 d4 d6: Tartakower System and Modern Defence.} f5 10. Bb2 (10. dxe5 $1 $16 Nc6 11. Bb2 (11. Qd5+ Kh7 $14) 11... Ncxe5 12. Nxe5 Bxe5 13. f4) 10... e4 $11 11. Nd2 {[%emt 0:07:19] The position is equal.} c6 12. Qc2 Nf6 {[%emt 0:02:45] [#]} 13. Rac1 $146 ({Predecessor:} 13. Rfd1 d5 14. Ba3 Bd7 15. Rac1 Rc8 16. Qb2 g5 17. Bd6 Rf7 18. Be5 Nh5 19. Bf1 {0-1 (30) Gereben,E-Mestel,A Bern 1976}) 13... Be6 14. b4 g5 (14... d5 $15) 15. b5 h5 16. bxc6 bxc6 17. Rfd1 h4 18. Nb3 (18. gxh4 $142 gxh4 19. Bh3) 18... hxg3 (18... Bxc4 19. Nxe4 $1 fxe4 20. Qxc4+ d5 21. Qa6 $16) 19. hxg3 Bf7 ({But not} 19... Bxc4 20. Nxe4 $1 Nxe4 21. Qxc4+ d5 22. Qe2 $16) 20. d5 {[%emt 0:05:57] [#]} (20. Ba3 $11 {remains equal.}) 20... c5 $1 $17 21. f3 (21. Na4 $142) 21... exf3 22. Bxf3 Nd7 23. Bg2 Ne5 24. Nd2 (24. Ne2 $17) 24... Bg6 {[%emt 0:10:04] And now ...f4 would win.} 25. Rf1 {[%emt 0:03:30] Prevents f4.} (25. Nf3 $142) 25... Qd7 ({Don't blunder} 25... f4 $2 26. Nce4 fxe3 27. Rxf8+ Qxf8 28. Rf1) (25... Rb8 $19 26. Ba1 f4) 26. Ne2 {[%emt 0:04:36] Inhibits f4.} f4 27. e4 Qg4 (27... fxg3 $19 {Threatens to win with ...Qg4.} 28. Rxf8+ Rxf8) 28. gxf4 gxf4 {[%emt 0:00:33] aiming for ...f3.} 29. Bxe5 Bxe5 {[%emt 0:00:31] Chess con chili.} 30. Qd3 {[%emt 0:03:39] Inhibits f3.} (30. Nf3 $17 {was necessary.}) 30... Bh5 $40 {[%emt 0:00:40][%mdl 128] Black attacks with force. A strong pair of Bishops.} 31. Rce1 (31. Nf3 {keeps fighting.}) 31... Ng6 32. Kh1 (32. Qh3 $142 Qxh3 33. Bxh3) 32... Qh4+ ({Inferior is} 32... f3 33. Nxf3 Bg7 34. Nfg1 $17) 33. Kg1 f3 34. Nxf3 Bxf3 {[%emt 0:02:16][%mdl 64] Remove Defender.   Weighted Error Value: White=0.85/Black=0.19 (very precise)} 0-1

[Event "FIDE WSCC 50 2022"]
[Site "Assisi"]
[Date "2022.11.20"]
[Round "6.12"]
[White "Jhunjhnuwala, Krishan"]
[Black "Grant, Jonathan I M"]
[Result "1/2-1/2"]
[ECO "B18"]
[WhiteElo "2326"]
[BlackElo "2154"]
[Annotator "TA"]
[PlyCount "83"]
[EventDate "2022.11.14"]
[EventType "swiss"]
[EventCountry "ITA"]
[SourceTitle "playchess.com"]
[Source "ChessBase"]
[SourceQuality "1"]
[TimeControl "40/5400+30:1800+30"]

1. e4 c6 2. d4 d5 3. Nc3 dxe4 4. Nxe4 Bf5 5. Ng3 Bg6 6. h4 h6 7. Nh3 Nf6 8. Nf4 Bh7 9. Bc4 e6 10. O-O Bd6 11. Re1 O-O $1 12. c3 {[%emt 0:03:03] B18: Classical Caro-Kann: 4...Bf5 sidelines.} Re8 13. Qf3 Nbd7 14. Nd3 Qc7 (14... Nd5 {keeps more tension.} 15. Ne4 Bc7 16. g3 e5) 15. Bf4 Bxf4 16. Nxf4 {[%emt 0:06:40] [#]} a5 $146 ({Predecessor:} 16... c5 17. Bb3 Rad8 18. Bxe6 fxe6 19. Nxe6 Rxe6 20. Rxe6 Nf8 21. Rxf6 gxf6 22. Re1 Qf7 {½-½ (43) Klepikov,N (2245)-Zabolotnov,E (2047) St Petersburg 2018}) 17. Nfh5 a4 18. Rad1 Ra5 19. Nxf6+ Nxf6 20. Bd3 Bxd3 21. Rxd3 Rb5 22. Rd2 Rd8 23. Ne4 {[%emt 0:04:01] Prevents c5.} Nxe4 24. Rxe4 Rf5 25. Qe2 b5 26. g3 Rfd5 27. c4 bxc4 28. Qxc4 Qa5 29. Rc2 R8d6 30. Rce2 Qa7 (30... a3 $15 {is more appropriate.}) 31. a3 $1 $11 Rxd4 32. Rxd4 {[%emt 0:00:16] The position is equal.} Rxd4 33. Qxc6 {[%emt 0:00:33][%mdl 4096] Endgame KQR-KQR} Rd1+ 34. Kg2 {[%emt 0:00:44] [#] Qc8+ is the strong threat.} Rd4 35. Re4 Rxe4 36. Qxe4 {[%emt 0:00:09] KQ-KQ} h5 37. Kf3 g6 38. Ke2 Qd7 39. Qe5 Qc6 40. Kd2 Qb6 41. Ke2 Qa6+ 42. Ke1 {[%emt 0:07:11] Weighted Error Value: White=0.09 (flawless) /Black=0.09 (flawless)} 1/2-1/2

[Event "FIDE WSCC 50 2022"]
[Site "Assisi"]
[Date "2022.11.20"]
[Round "6.13"]
[White "Morin, Yves"]
[Black "Cummings, David H."]
[Result "1/2-1/2"]
[ECO "B10"]
[WhiteElo "2170"]
[BlackElo "2318"]
[Annotator "TA"]
[PlyCount "28"]
[EventDate "2022.11.14"]
[EventType "swiss"]
[EventCountry "ITA"]
[SourceTitle "playchess.com"]
[Source "ChessBase"]
[SourceQuality "1"]
[TimeControl "40/5400+30:1800+30"]

1. e4 c6 2. d3 d5 3. Nd2 e5 4. Ngf3 Bd6 5. c3 Nf6 6. d4 {[%emt 0:01:42] B10: Caro-Kann: 2 d3 and 2 c4.} dxe4 {[%emt 0:08:14] [#]} 7. dxe5 $146 {[%emt 0:00:36] [#] Black must now prevent Nc4.} ({Predecessor:} 7. Nxe5 O-O 8. Be2 Re8 9. Ndc4 Bc7 10. Bg5 Bf5 11. Ne3 Bg6 12. h4 Bxe5 13. dxe5 Qxd1+ 14. Rxd1 Nfd7 15. h5 h6 16. hxg6 hxg5 17. gxf7+ Kxf7 18. Bc4+ Kg6 19. Rd6+ {1-0 (19) Shanel,J (2167)-Trepka,J (2082) Sec u Chrudimi 2007}) 7... exf3 8. Nxf3 Be7 {[%emt 0:05:01] aiming for ...Qxd1+.} ({But not} 8... Nd5 9. exd6 Qxd6 10. Be2 $16) (8... Bxe5 $5 9. Qxd8+ (9. Nxe5 Qe7 $11) 9... Kxd8 10. Nxe5 Re8 $11) 9. Qxd8+ Bxd8 10. exf6 Bxf6 11. Bc4 O-O {[%emt 0:04:47] The position is equal.} 12. O-O Bf5 13. Be3 Nd7 14. Rfd1 Ne5 {[%emt 0:14:16] A balanced but interesting game.  Weighted Error Value: White=0.02 (flawless) /Black=0.07 (flawless)} 1/2-1/2

[Event "FIDE WSCC 50 2022"]
[Site "Assisi"]
[Date "2022.11.20"]
[Round "6.14"]
[White "Berend, Fred"]
[Black "Klimaszewski, Dariusz"]
[Result "1/2-1/2"]
[ECO "E61"]
[WhiteElo "2294"]
[BlackElo "2152"]
[Annotator "TA"]
[PlyCount "202"]
[EventDate "2022.11.14"]
[EventType "swiss"]
[EventCountry "ITA"]
[SourceTitle "playchess.com"]
[Source "ChessBase"]
[SourceQuality "1"]
[TimeControl "40/5400+30:1800+30"]

1. d4 Nf6 2. c4 g6 3. Nc3 Bg7 4. Nf3 O-O 5. Bg5 d6 6. e3 c6 7. Be2 a6 8. Qc2 Nbd7 {[%emt 0:03:02] [#]} 9. Bh4 $146 {[%emt 0:02:53] E61: King's Indian: Early deviations for White, including Smyslov System.} ({Predecessor:} 9. O-O b5 10. Nd2 Bb7 11. b4 a5 12. Rab1 bxc4 13. bxa5 Ba6 14. Nxc4 Bxc4 15. Bxc4 Qxa5 16. Bh4 Rfb8 17. Bb3 Qh5 {0-1 (31) Sulava,N (2565)-Martinovic,S (2511) Marija Bistrica 2011}) 9... b5 10. Nd2 Bb7 11. Bf3 Rb8 12. O-O bxc4 13. Nxc4 c5 14. d5 a5 15. Rab1 Ba6 16. b3 Qc7 17. Rfe1 Rb4 (17... a4 $5) 18. a3 Rb7 19. e4 Rfb8 20. Be2 Bxc4 (20... Ne8 $11) 21. bxc4 $16 Rxb1 22. Rxb1 Rxb1+ 23. Qxb1 Ne8 24. Nb5 Qd8 25. f4 Kf8 26. Qd3 {[%emt 0:06:07] White has more active pieces.} Qb8 27. Be1 a4 28. Ba5 {[%emt 0:09:11] Against Nc7} Qa8 29. Bc3 Kg8 30. Be1 Nb6 31. Kf2 Qa6 32. g4 Na8 33. Qd2 Nf6 34. Qd3 (34. Qc2 $16) 34... Nd7 (34... Ne8 $1 $11) 35. g5 Nab6 36. Qd2 Kf8 37. Qa5 (37. h4 $16) 37... Qxa5 $14 38. Bxa5 Ke8 (38... h6 $14) 39. Ke3 Bb2 40. Kd2 f6 $2 (40... Kf8 $16 {keeps fighting.}) 41. Kc2 $18 Ba1 42. Nc7+ (42. Kb1 $18 {has better winning chances.} Bd4 43. Nxd4 cxd4 44. h4) 42... Kf7 $16 43. h4 fxg5 (43... Bd4 $16 {was called for.}) 44. hxg5 $18 Bd4 45. Kd3 Bb2 46. Bg4 Bxa3 47. Be6+ $1 Kf8 {[%emt 0:00:00] [#]} 48. Na8 $1 Nxa8 49. Bxd7 $16 {[%emt 0:00:00][%mdl 4096] Endgame KBB-KBN. This bishop pair is nice.} Bb4 (49... Bc1 $2 50. Bxa4 Bxf4 51. Bc6 $18) 50. Bd8 ({White must play} 50. Bxb4 $16 cxb4 51. Bxa4) 50... a3 $11 51. Kc2 Bd2 $1 52. Bc6 {[%emt 0:00:00] With the idea e5.} ({Wrong is} 52. Kxd2 $2 a2 53. e5 dxe5 54. fxe5 a1=Q $19) 52... Bxf4 53. Bxa8 Bxg5 54. Bc6 Bf6 55. Kb3 Bb2 56. Bd7 Kf7 $1 57. e5 Bxe5 58. Kxa3 Bc3 (58... h5 $11) 59. Kb3 $14 Be1 60. Kc2 ({Better is} 60. Bg4 $1 $14) 60... h5 $11 61. Kd1 Bc3 62. Ke2 Kf6 (62... g5 $11) 63. Be8 $14 Bb4 64. Kf3 Bc3 65. Bd7 Kf7 66. Be6+ (66. Ke4 $1 $14 {deserves consideration.}) 66... Kf6 (66... Ke8 $1 $11) 67. Ke3 (67. Ke4 $14 {is more appropriate.}) 67... Bb4 (67... g5 $1 $11) 68. Bh3 (68. Ke4 $14) 68... Be1 (68... g5 $11 {feels stronger.}) 69. Bf1 (69. Bd7 $14) 69... g5 $11 70. Be2 g4 71. Kf4 Bd2+ 72. Kg3 Be1+ 73. Kg2 Bc3 74. Kf2 Bb4 75. Bd1 Bc3 76. Ke3 Be1 77. Kf4 Bd2+ 78. Kg3 Be1+ 79. Kg2 Bc3 80. Ba4 Kf7 {[%emt 0:00:51] Against Be8+} 81. Bd7 Bd2 82. Be6+ Kf6 83. Kf2 Bb4 84. Ke2 Bc3 85. Kd3 Be1 86. Kc2 Bb4 87. Bd7 Kf7 88. Kb3 Be1 89. Ka4 {[%emt 0:00:12] [#]} (89. Kc2 $11) 89... Bd2 ({Black should play} 89... Kf6 $1 $17 {Threatens to win with ...Bh4.} 90. Kb3 Bh4) 90. Kb5 {[%emt 0:00:15] The position is equal.} Kf6 91. Kc6 Bg5 {[%emt 0:01:13] White must now prevent ...Ke5.} 92. Be6 $1 {[%emt 0:04:26] Strongly threatening Kd7.} Ke5 {[%emt 0:01:33] aiming for ...Kf4.} 93. Kd7 $1 Kf4 $1 {[%emt 0:00:37] And now ...h4 would win.} 94. Bxe7 Bxe7 95. Kxe7 h4 $1 96. Kxd6 {[%emt 0:00:22] KB-K3P} h3 {[%emt 0:00:14] ( -> ...h2)} 97. Kc7 $1 {[%emt 0:00:03] White wants to mate with d6.} ({Don't blunder} 97. Kxc5 $2 h2 98. d6 h1=Q $19) 97... h2 98. d6 {[%emt 0:00:00] White threatens Bd5 and mate.} h1=Q 99. d7 Qh7 {[%emt 0:01:08] Hoping for ...g3.} 100. Kc8 Qg6 101. Bd5 $1 Qa6+ {[%emt 0:44:30] Blacks defense is rewarded with a draw.  Weighted Error Value: White=0.19 (very precise) /Black=0.16 (very precise)} 1/2-1/2

[Event "FIDE WSCC 50 2022"]
[Site "Assisi"]
[Date "2022.11.20"]
[Round "6.15"]
[White "Mantovani, Renzo"]
[Black "Arkell, Keith C"]
[Result "1/2-1/2"]
[ECO "A46"]
[WhiteElo "2246"]
[BlackElo "2408"]
[Annotator "TA"]
[PlyCount "229"]
[EventDate "2022.11.14"]
[EventType "swiss"]
[EventCountry "ITA"]
[SourceTitle "playchess.com"]
[Source "ChessBase"]
[SourceQuality "1"]
[TimeControl "40/5400+30:1800+30"]

1. d4 Nf6 2. Nf3 e6 3. Bf4 c5 4. e3 cxd4 5. exd4 Be7 6. c3 {[%emt 0:00:23] A46: 1 d4 Nf6 2 Nf3 e6: Torre, London and Colle Systems.} b6 7. Nbd2 O-O 8. h3 {[%emt 0:02:15] has lost popularity (8.Bd3).} Ba6 9. Bxa6 Nxa6 10. O-O Nc7 11. a4 d6 12. Re1 a6 13. Qe2 {[%emt 0:02:32] [#]} b5 $146 ({Predecessor:} 13... h6 14. Ne4 Nxe4 15. Qxe4 Nd5 16. Bd2 b5 17. axb5 axb5 18. b3 Qc7 19. Qd3 Qb7 {½-½ (33) Torkkola,H (2209)-Lim,Z (2290) Krakow 2022}) 14. Bh2 Qd7 15. axb5 axb5 16. Nf1 Qc6 17. N3d2 Ncd5 18. Ne4 Nxe4 19. Qxe4 Rxa1 20. Rxa1 b4 21. Rc1 bxc3 22. bxc3 Rc8 23. c4 Nb6 24. Qxc6 Rxc6 25. Ne3 Bf6 26. d5 exd5 27. Re1 $1 d4 28. Nf5 h5 29. Nxd6 Nxc4 30. Ne4 Re6 {[%emt 0:08:56] Threatens to win with ...Bd8.} 31. Nxf6+ gxf6 $17 {[%emt 0:01:50][%cal Re6e1][%mdl 4096] Endgame KRB-KRN} ({Much weaker is} 31... Rxf6 $6 32. Rd1 $11) 32. Rd1 Nb2 33. Ra1 Re2 (33... d3 $17 34. Bf4 Re4) 34. Bf4 $15 Nd3 35. Bg3 Nc5 {[%emt 0:01:00] Inhibits Ra4.} 36. Ra8+ Kg7 {[%emt 0:00:02] White must now prevent ...d3.} 37. Rd8 d3 {[%emt 0:00:11] Hoping for ...d2.} 38. f3 $1 Rc2 {[%emt 0:00:43] And now ...d2 would win.} 39. Be1 {[%emt 0:00:35] Prevents d2.} h4 40. Bxh4 $2 (40. Kf1 $11 {and White stays safe.}) 40... d2 $19 41. Kf1 Nb3 $2 (41... Na4 $1 $19 42. Rd6 Rc1+ 43. Ke2 d1=Q+ 44. Rxd1 Nc3+ 45. Kd2 Rxd1+ 46. Kxc3 Rg1) 42. Ke2 $1 $11 Rc1 43. Bf2 f5 44. g4 (44. f4 $11 {keeps the balance.}) 44... f4 $17 45. h4 Kf6 46. h5 (46. Rxd2 $15 Nxd2 47. Kxd2) 46... Ke7 $2 (46... Rh1 $19 47. Rd6+ Ke5) 47. Bh4+ $2 {[%emt 0:00:00] [#]} (47. Rxd2 $11 {and White is okay.} Nxd2 48. Kxd2) 47... f6 $1 $19 48. Rd5 Ra1 49. h6 Rh1 50. h7 $2 (50. Bf2) 50... d1=Q+ (50... Rxh4 51. Rh5 Rxh5 52. gxh5 Nd4+ 53. Kd1 Nxf3 54. h8=Q $18) 51. Rxd1 Rxh4 {[%emt 0:00:00] KRN-KR} 52. Kd3 {[%emt 0:02:22] [#]} Nc5+ $1 ({Don't go for} 52... Rxh7 $2 53. Ke4 $19) 53. Kc4 Nd7 (53... Ne6 $19 {has better winning chances.} 54. Rb1 Kf7) 54. Kd5 $17 Rxh7 55. Ke4 Rh2 ({Better is} 55... Ke6 $17 {aiming for ...Ne5.} 56. Kxf4 Rg7 57. Re1+ Kf7) 56. Kxf4 $15 Rg2 57. Ra1 Ne5 58. Ra7+ {[%emt 0:00:26] The position is equal.} Ke6 {[%emt 0:00:04] Black wants to play ...Nd3+.} 59. Ra6+ Kf7 {[%emt 0:00:02] Threatening ...Kg6.} 60. Kf5 Nd7 61. Rd6 Ke7 62. Re6+ Kd8 63. f4 Ra2 64. Re1 Ra5+ 65. Kg6 Ra4 66. g5 Rxf4 {[%emt 0:00:05] ...Rg4 is the strong threat.} 67. gxf6 Rxf6+ 68. Kg5 Rf2 69. Kg4 Nf6+ 70. Kg5 Kd7 71. Kg6 Nd5 72. Kg5 Kd6 73. Kg4 Ne7 74. Kg5 Nc6 75. Kg4 Ne5+ 76. Kg3 Rf3+ 77. Kg2 Ra3 78. Rb1 Kd5 79. Rb8 Kd4 80. Re8 Ke4 81. Rb8 Rc3 82. Rb4+ Nc4 83. Ra4 Kf4 84. Rb4 Kg4 85. Kf2 Rc2+ 86. Kg1 $1 Kf3 87. Rb8 Nd6 88. Rb3+ Kf4 89. Kf1 Ne4 90. Ke1 Nc3 91. Rb8 Ke3 92. Re8+ Ne4 93. Kd1 {[%emt 0:00:14] Prevents Rc1+.} Rc7 94. Re6 Kd3 95. Re8 Rd7 96. Ke1 Ra7 97. Kf1 Ke3 98. Kg2 Rg7+ 99. Kh3 Rg6 100. Rf8 Nf6 101. Ra8 Nd5 102. Kh4 Kf3 103. Ra3+ Ne3 104. Kh5 Rg8 105. Ra4 Nd5 106. Kh6 Nf4 107. Kh7 Rg4 108. Ra8 Ke4 109. Ra5 Rg3 110. Kh6 Nd5 111. Ra1 Kf5 {[%emt 0:00:16] ( -> ...Rg6+)} 112. Ra5 Kf6 113. Rxd5 Rh3+ 114. Rh5 Rxh5+ 115. Kxh5 {[%emt 0:03:30] White happily takes the draw.  Weighted Error Value: White=0.30/Black=0.22 (precise)} 1/2-1/2

[Event "FIDE WSCC 50 2022"]
[Site "Assisi"]
[Date "2022.11.22"]
[Round "7.1"]
[White "Lima, Darcy"]
[Black "Holzke, Frank"]
[Result "1/2-1/2"]
[ECO "E15"]
[WhiteElo "2415"]
[BlackElo "2476"]
[Annotator "TA"]
[PlyCount "47"]
[EventDate "2022.11.14"]
[EventType "swiss"]
[EventCountry "ITA"]
[SourceTitle "playchess.com"]
[Source "ChessBase"]
[SourceQuality "1"]
[TimeControl "40/5400+30:1800+30"]

1. d4 Nf6 2. c4 e6 3. Nf3 b6 4. g3 Ba6 5. b3 Bb4+ 6. Bd2 Be7 7. Bg2 c6 8. O-O d5 9. Bc3 O-O 10. Nbd2 Nbd7 11. Re1 Bb7 {[%emt 0:03:05] is the legacy move (11...c5). E15: Queen's Indian: 4 g3 sidelines, 4 g3 Ba6 and 4 g3 Bb7 early deviations.} 12. b4 dxc4 13. Nxc4 Ne4 14. Qc2 Nxc3 15. Qxc3 {[%emt 0:00:00] [#]} Nf6 $146 ({Predecessor:} 15... c5 16. bxc5 bxc5 17. Red1 cxd4 18. Qxd4 Nf6 19. Qxd8 Rfxd8 20. Nfe5 Bxg2 21. Kxg2 Rac8 22. Rab1 Rc7 {½-½ (81) Salov,V (2655)-Adams,M (2620) France 1992}) 16. Rab1 c5 17. bxc5 Be4 $1 18. Rbd1 Qc7 19. Nfe5 Bxg2 {[%emt 0:00:30] The position is equal.} 20. Kxg2 bxc5 21. Qf3 Rac8 22. e4 cxd4 23. Rxd4 Rfd8 24. Red1 {[%emt 0:00:30] A balanced but interesting game.  Weighted Error Value: White=0.08 (flawless) /Black=0.03 (flawless)} 1/2-1/2

[Event "FIDE WSCC 50 2022"]
[Site "Assisi"]
[Date "2022.11.22"]
[Round "7.2"]
[White "Pavlovic, Milos"]
[Black "Morovic Fernandez, Ivan"]
[Result "0-1"]
[ECO "D37"]
[WhiteElo "2447"]
[BlackElo "2480"]
[Annotator "TA"]
[PlyCount "102"]
[EventDate "2022.11.14"]
[EventType "swiss"]
[EventCountry "ITA"]
[SourceTitle "playchess.com"]
[Source "ChessBase"]
[SourceQuality "1"]
[TimeControl "40/5400+30:1800+30"]

1. d4 d5 2. c4 e6 3. Nc3 Be7 4. Nf3 Nf6 5. Bf4 O-O 6. e3 b6 7. Be2 dxc4 8. Bxc4 Bb7 9. O-O Nbd7 {[%emt 0:00:29] D37: Queen's Gambit Declined: 5 Bf4.} 10. Qe2 a6 11. a4 c5 {[%emt 0:04:36] White has an edge.} 12. Rfd1 cxd4 13. exd4 Re8 14. Ne5 Nf8 15. Rac1 {[%emt 0:04:44] [#]} Nd5 $146 ({Predecessor:} 15... Ng6 16. Bg3 Bb4 17. Bd3 Bf8 18. Nc4 Be7 19. Ne5 Bf8 {½-½ (19) Kravchenko,D (2113)-Kolanek,R (2139) LSS email 2016}) 16. Nxd5 exd5 17. Bd3 Ng6 {[%emt 0:08:21] [#]} 18. Bxg6 (18. Qh5 $1 $14 Bf6 19. Re1 $1) 18... hxg6 $11 19. Qf3 Bf6 20. h4 Qe7 {[%emt 0:14:53] [#]} ({Black should play} 20... Bxe5 $11 21. Bxe5 Rc8) 21. h5 (21. Nxg6 $1 $14 Qe2 (21... Qe6 22. Ne5) 22. Ne5 Qxf3 23. Nxf3) 21... gxh5 22. Qxh5 {[%emt 0:00:03] Strongly threatening Rd3.} Rac8 23. Rc3 Rxc3 24. bxc3 g6 25. Qf3 Bg7 26. Rb1 Qf6 27. Ng4 Qe6 28. Be5 Bc8 $1 29. Nf6+ Bxf6 30. Bxf6 Qc6 {[%emt 0:01:55] ...Bf5 is the strong threat.} 31. Be5 Bf5 32. Ra1 f6 33. Bf4 Re4 34. Qg3 Kf7 35. Bb8 Re7 36. Bd6 Re8 37. Bf4 g5 38. Be3 Kg6 39. Qf3 (39. Bd2 $15) 39... Re4 40. Qd1 ({Better is} 40. Qg3) 40... Rh4 41. f3 Qc7 {[%emt 0:07:16] Hoping for ...g4.} 42. Bf2 $2 (42. Qd2 $17 {is tougher.}) 42... Rh8 $19 43. g4 {[%emt 0:00:00] [#]} (43. Qd2 $142 g4 44. Re1) 43... Bd7 $2 $40 {[%emt 0:06:39][%mdl 128] Black has strong attack.} (43... Be4 $1 $19 {[%mdl 512] is more deadly. ( -> ...Qh2+)} 44. fxe4 Qh2+ 45. Kf1 Qh3+ 46. Ke2 dxe4) 44. Qc2+ $17 Kf7 {[%emt 0:01:30] Threatens to win with ...Qh2+. Really sharp!} 45. Be1 Qf4 46. Qg2 {[%emt 0:00:00] Against Rh3} Qe3+ 47. Qf2 {[%emt 0:00:00] [#]} Qd3 {[%emt 0:00:02] Black has more active pieces.} 48. Qg3 Kg6 ({And not} 48... Qe3+ 49. Kg2 $15) 49. Ra2 (49. Qf2 $142) 49... Re8 50. Qf2 $2 (50. Ra1) 50... Qd1 $19 51. Kf1 Bxa4 {[%emt 0:00:22] Weighted Error Value: White=0.60/Black=0.24 (precise)} 0-1

[Event "FIDE WSCC 50 2022"]
[Site "Assisi"]
[Date "2022.11.22"]
[Round "7.3"]
[White "Sturua, Zurab"]
[Black "Antonio, Rogelio Jr"]
[Result "1-0"]
[ECO "E11"]
[WhiteElo "2522"]
[BlackElo "2397"]
[Annotator "TA"]
[PlyCount "84"]
[EventDate "2022.11.14"]
[EventType "swiss"]
[EventCountry "ITA"]
[SourceTitle "playchess.com"]
[Source "ChessBase"]
[SourceQuality "1"]
[TimeControl "40/5400+30:1800+30"]

1. d4 Nf6 2. Nf3 e6 3. c4 Bb4+ 4. Bd2 Bxd2+ 5. Qxd2 d5 6. g3 O-O 7. Bg2 Qe7 8. O-O Rd8 9. Rc1 {[%emt 0:02:07] has lost popularity (9.Qc2).} c6 {[%emt 0:05:58] E11: Bogo-Indian.} (9... Nc6 10. cxd5 exd5 11. Nc3 Bg4 12. e3 Qe6 13. b4 Qf5 14. Ne1 Bh3 15. Bh1 Ne7 16. Nd3 Ng6 17. f3 Qg5 {½-½ (35) Sturua,Z (2536)-Antonio,R (2431) Acqui Terme 2017}) 10. Qf4 Nbd7 11. Nbd2 {[%emt 0:01:32] [#]} h6 $146 {[%emt 0:05:39] White is slightly better.} ({Predecessor:} 11... Nf8 12. e4 Bd7 13. e5 Ne8 14. c5 a5 15. Qe3 Rdb8 16. Ne1 Nc7 17. Nd3 Be8 {½-½ (46) Pinter,J (2562)-Bischoff,K (2564) Austria 2003}) 12. a3 a5 13. e4 dxe4 14. Nxe4 Nxe4 15. Qxe4 Nf6 16. Qe3 Qc7 17. c5 Nd5 18. Qe5 (18. Qe4 {looks sharper.} b5 19. Ne5 Rb8 20. Qf3) 18... Qxe5 19. dxe5 a4 20. Nd2 Ne3 21. Ne4 $16 Nxg2 22. Nd6 Rb8 23. Kxg2 b6 {[%emt 0:00:19] [#]} 24. Rc4 $1 bxc5 25. Rxa4 f6 (25... Rxb2 $2 26. Ra8 $18) 26. Re1 fxe5 27. Nc4 {[%emt 0:00:53] White is much more active.} Rd4 28. Rxe5 Kh7 ({Black should try} 28... Rb5) 29. Rxc5 Rb5 (29... e5 $16) 30. Nb6 (30. Rxc6 $2 Bb7 31. Na5 Bxc6+ 32. Nxc6 Rxa4 $19) 30... Rd2 $2 {[%emt 0:00:07] [#]} (30... Rxc5 {keeps fighting.} 31. Rxd4 Ba6) 31. Rxb5 $18 ({Avoid the trap} 31. Rxc6 $2 Bb7 32. Rb4 Bxc6+ $19) 31... cxb5 {[%emt 0:00:02][%mdl 4096] Endgame KRB-KRN} 32. Ra7 {[%emt 0:00:06] Against Bb7+} Rc2 33. b4 Kg6 34. a4 bxa4 35. b5 Kf6 36. Nxc8 Rxc8 37. Rxa4 {[%emt 0:00:07] KR-KR} Rb8 38. Rb4 Rb6 39. Kf3 Ke5 40. h4 g6 41. Ke3 h5 (41... Kd5 {is a better defense.} 42. Rd4+ Ke5) 42. Rb2 Kd5 {[%emt 0:44:19] Weighted Error Value: White=0.08 (flawless) /Black=0.27 (precise)} 1-0

[Event "FIDE WSCC 50 2022"]
[Site "Assisi"]
[Date "2022.11.22"]
[Round "7.4"]
[White "Nevednichy, Vladislav"]
[Black "Paschall, William"]
[Result "1/2-1/2"]
[ECO "C43"]
[WhiteElo "2499"]
[BlackElo "2343"]
[Annotator "TA"]
[PlyCount "73"]
[EventDate "2022.11.14"]
[EventType "swiss"]
[EventCountry "ITA"]
[SourceTitle "playchess.com"]
[Source "ChessBase"]
[SourceQuality "1"]
[TimeControl "40/5400+30:1800+30"]

1. e4 e5 2. Nf3 Nf6 3. d4 Nxe4 4. Bd3 Nc6 5. dxe5 d5 6. O-O Bg4 7. Nc3 {[%emt 0:19:19] C43: Petroff Defence: 3 d4.} Nxc3 8. bxc3 Qd7 9. Re1 Bc5 10. h3 Bh5 {[%emt 0:08:22] [#]} 11. Be3 $146 ({Predecessor:} 11. Rb1 O-O-O 12. Rb5 Be7 13. Bf4 Bg6 14. Be2 Qf5 15. Nd4 Qxf4 16. Bg4+ Rd7 17. Rxd5 f5 18. Rxd7 fxg4 19. Rxc7+ {1-0 (19) Artemiev,V (2570)-Saduakassova,D (2357) Khanty-Mansiysk 2013}) 11... Bb6 12. g4 {[%emt 0:05:32] [#] Hoping for Bf5.} Bg6 {[%emt 0:01:47] Against Bf5} 13. Nd4 {[%emt 0:26:02][%cal Oe5e6] aiming for e6!} Bxd4 14. cxd4 Bxd3 15. cxd3 (15. Qxd3 $15 h5 16. f3) 15... h5 $17 16. Kg2 O-O-O 17. f3 f6 18. Bf2 Rde8 (18... g5 $17 {Strongly threatening ...Qh7.} 19. exf6 Rdf8) 19. exf6 $1 $11 gxf6 {[%emt 0:00:26] And now ...Reg8 would win.} 20. Rxe8+ Rxe8 21. Qd2 f5 22. gxh5 Rg8+ 23. Kh1 Qh7 (23... Qg7 $2 24. Rg1 Qh8 25. Rxg8+ Qxg8 26. h6 $18) 24. Qf4 Qxh5 25. h4 b6 (25... Qg6 $2 26. Rg1 Qh7 27. Rxg8+ Qxg8 28. Qxf5+ Kb8 29. h5 $18) 26. a3 {[%emt 0:01:08] Against Nb4} Kb7 ({Much less strong is} 26... Qg6 27. Rg1 Qh7 28. Rxg8+ Qxg8 29. Qxf5+ Kb8 30. Kh2 $18) 27. Kh2 Re8 (27... Qg6 $2 28. Rg1 Qh7 29. Rxg8 Qxg8 30. Qxf5 $16) 28. Re1 $1 {[%emt 0:02:29] [#] Prevents Re2. Rxe8 is the strong threat.} Rxe1 (28... Rf8 $1 $15) 29. Bxe1 $15 {[%emt 0:00:02][%mdl 4096] Endgame KQB-KQN. The position is equal.} Nd8 30. Bg3 Qf7 31. Kg2 Ne6 32. Qe5 f4 {[%emt 0:01:04] White must now prevent ...Qg6.} 33. Bf2 ({Don't blunder} 33. Qxd5+ $2 c6 34. Qe5 fxg3 35. Kxg3 Qg6+ 36. Kh2 Qh6 $19) 33... Ng7 34. Kh3 Qd7+ 35. Kg2 Qf7 36. Kh3 Qd7+ 37. Kg2 {[%emt 0:00:11] Weighted Error Value: White=0.07 (flawless) /Black=0.08 (flawless)} 1/2-1/2